 Dungeon Crawl Stone Soup version 0.21.1-1-g345015fe64 (webtiles) character file.

3448 SirVarrick the Cleaver (level 9, -2/81 HPs)
             Began as a Deep Dwarf Fighter on Mar 31, 2018.
             Was a Follower of Yredelemnul.
             Slain by a killer bee (4 damage)
             ... on level 10 of the Dungeon.
             The game lasted 01:01:16 (6554 turns).

SirVarrick the Cleaver (Deep Dwarf Fighter)         Turns: 6554, Time: 01:01:16

Health: -2/81      AC: 13    Str: 21    XL:     9   Next: 77%
Magic:  0/0        EV: 11    Int: 10    God:    Yredelemnul [*.....]
Gold:   416        SH: 11    Dex: 13    Spells: 8/8 levels left

rFire    . . .     SeeInvis +   a - +0 war axe
rCold    . . .     Gourm    .   c - +0 shield
rNeg     . . .     Faith    .   C - +3 scale mail
rPois    .         Spirit   .   E - +1 helmet
rElec    .         Reflect  .   (no cloak)
rCorr    .         Harm     .   (no gloves)
MR       +....                  (no boots)
Stlth    ..........             j - amulet of rage
HPRegen  0.00/turn              k - ring of see invisible
MPRegen  0.07/turn              y - ring of wizardry

@: very slightly contaminated, non-regenerating
A: damage resistance, heal wounds, sense surroundings 2, no regeneration
a: Heal Wounds, Animate Remains, Renounce Religion, Evoke Berserk Rage


You were on level 10 of the Dungeon.
You worshipped Yredelemnul.
Yredelemnul was aware of your devotion.
You were not hungry.

You visited 1 branch of the dungeon, and saw 8 of its levels.

You collected 416 gold pieces.

Inventory:

Hand Weapons
 a - a +0 war axe (weapon)
 g - a +0 hand axe
 w - a +0 whip of freezing
Missiles
 i - 121 arrows
 q - 4 tomahawks (quivered)
Armour
 c - a +0 shield (worn)
 C - a +3 scale mail (worn)
 E - a +1 helmet (worn)
Magical Staves
 D - an uncursed staff of cold {unknown}
Jewellery
 j - an amulet of rage (around neck)
 k - a ring of see invisible (left hand)
 y - a ring of wizardry (right hand)
Wands
 B - a wand of paralysis (12)
Scrolls
 f - 8 scrolls of remove curse
 o - a scroll of magic mapping
 A - a scroll of identify
Potions
 d - 3 potions of might
 t - 2 potions of lignification
 v - 3 potions of degeneration
 z - 2 potions of magic
 F - 2 potions of agility {unknown}
Comestibles
 r - a ration


   Skills:
 + Level 5.3 Fighting
 + Level 8.7 Axes
   Level 0.7(0.8) Slings
 + Level 0.1(0.3) Throwing
 + Level 7.8 Armour
 + Level 4.8 Dodging
 + Level 0.7 Stealth
 + Level 7.9 Shields
 + Level 2.1 Evocations


You had 8 spell levels left.
You didn't know any spells.

Dungeon Overview and Level Annotations

Branches:
Dungeon (7/15)
 Temple: D:4-7

Altars:
Ashenzari
Dithmenos
Elyvilon
Hepliaklqana
Kikubaaqudgha
Nemelex Xobeh
Okawaru
Qazlal
Ru
Trog
Uskayaw
Wu Jian
Xom
Yredelemnul

Annotations:
D:10 1 runed door


Innate Abilities, Weirdness & Mutations

You are resistant to damage.
You can heal yourself by infusing magical energy.
You passively map the area around you.
You do not regenerate.


Message History

You are very lightly contaminated with residual magic.
You flicker for a moment.
You flicker back into view.
You open the door.
A two-headed ogre comes into view.
It is wielding a giant spiked club and a giant club.
The two-headed ogre shouts in stereo!
There is an open door here.
Found a runed door.
You open the door. 4 worker ants, 3 giant cockroaches and 2 scorpions come into view.
The worker ant twitches its antennae in your direction. x3
Found a golden potion.
Found a runed door. 2 worker ants and 2 killer bees come into view.
The killer bee buzzes angrily.
The worker ant twitches its antennae in your direction. x2
The killer bee buzzes angrily.
The giant cockroach bites you but does no damage.
The worker ant moves out of view.
The killer bee stings you!
You die...
Your body rises from the dead as a mindless zombie.

..# #....................#.....#
..####...............#....#.....#
............########'########...#
............#......O........#...#
............#...............#...#
....(.(.....#...O#######....#....
######(######....#aab.y#,...#####
......K.Y...#...syasas.+, ..* #..
............#...@#s.as.# ,.* #..
.......K.K..#....####### , * #..
............#..... , ,, #..
.........KKK#...... , * #..
.........K.K######## * * #..
.............,, , , , #.. , , , ,
#.. , * , * * *** *### , , * , ,
,,


You could see a two-headed ogre, a scorpion, 4 worker ants, 2 killer bees and 2
giant cockroaches.

Vanquished Creatures
  The ghost of tensugalgo the Cleaver, a novice NaWn (D:6)
  Pikel (D:4)
  A centaur zombie (D:10)
  The ghost of Oravi the Shield-Bearer, an amateur HaFi (D:3)
  A hippogriff (D:7)
  An ice beast (D:7)
  A phantom (D:7)
  2 sky beasts (D:7)
  3 ogres
  3 centaurs
  A big kobold (D:7)
  Blork the orc (D:4)
  A howler monkey (D:6)
  2 crimson imps
  A bullfrog zombie (D:6)
  3 hounds (D:4)
  A jelly (D:5)
  2 orc wizards (D:4)
  An orc priest (D:5)
  A bullfrog skeleton (D:6)
  3 iguanas
  2 worker ants
  2 hound skeletons (D:5)
  A howler monkey zombie (D:5)
  A worker ant zombie (D:5)
  3 gnolls (D:4)
  11 adders
  A shadow imp (D:6)
  2 adder zombies (D:5)
  4 worms
  3 leopard geckos
  14 orcs
  6 bats
  5 giant cockroaches
  7 goblins
  6 hobgoblins
  6 jackals
  8 kobolds
  2 quokkas
  2 ball pythons
  5 frilled lizards
  A giant cockroach zombie (D:5)
  A leopard gecko skeleton (D:4)
  A leopard gecko zombie (D:6)
  A quokka skeleton (D:5)
  7 rats
134 creatures vanquished.

Vanquished Creatures (collateral kills)
  A bullfrog (D:7)
1 creature vanquished.

Vanquished Creatures (others)
  A human (D:3)
  A giant cockroach (D:4)
  A frilled lizard (D:4)
3 creatures vanquished.

Grand Total: 138 creatures vanquished

Notes
Turn   | Place    | Note
-------+----------+-------------------------------------------
     0 | D:1      | SirVarrick the Deep Dwarf Fighter began the quest for the Orb.
     0 | D:1      | Reached XP level 1. HP: 20/20 MP: 1/1
   100 | D:1      | Reached XP level 2. HP: 27/27 MP: 2/2
  1529 | D:1      | huj
  1717 | D:2      | Reached XP level 3. HP: 30/33 MP: 3/3
  1870 | D:2      | Reached skill level 3 in Axes
  2030 | D:2      | Reached XP level 4. HP: 17/42 MP: 4/4
  2107 | D:2      | Found a faded altar of an unknown god.
  2215 | D:2      | Found an iron altar of Okawaru.
  2216 | D:2      | Found a shadowy altar of Dithmenos.
  2377 | D:3      | Reached skill level 1 in Dodging
  2506 | D:3      | Found an ancient bone altar of Kikubaaqudgha.
  2544 | D:3      | Noticed Oravi's ghost (amateur HaFi)
  2571 | D:3      | Killed Oravi's ghost
  2571 | D:3      | Reached skill level 4 in Axes
  2571 | D:3      | Reached XP level 5. HP: 15/49 MP: 4/4
  2571 | D:3      | Reached XP level 6. HP: 17/56 MP: 5/5
  2579 | D:3      | Noticed a human
  2580 | D:3      | Killed a human
  2665 | D:3      | Found a sparkling altar of Nemelex Xobeh.
  3153 | D:4      | Noticed Blork the orc
  3186 | D:4      | Killed Blork the orc
  3233 | D:4      | Noticed a slave
  3236 | D:4      | Noticed Pikel
  3237 | D:4      | Noticed a slave
  3237 | D:4      | Noticed a slave
  3238 | D:4      | Noticed a slave
  3309 | D:4      | Killed Pikel
  3309 | D:4      | Reached skill level 5 in Axes
  3309 | D:4      | Reached skill level 5 in Armour
  3309 | D:4      | Reached skill level 5 in Shields
  3309 | D:4      | Reached XP level 7. HP: 22/63 MP: 3/3
  3619 | D:4      | Reached skill level 1 in Evocations
  3750 | D:4      | Reached XP level 8. HP: 64/72 MP: 3/3
  3793 | D:4      | Found a shimmering altar of Xom.
  4031 | D:5      | Entered Level 5 of the Dungeon
  4066 | D:5      | Reached skill level 6 in Axes
  4545 | D:5      | Found a hazy altar of Hepliaklqana.
  4545 | D:5      | Found a shattered altar of Ashenzari.
  4551 | D:5      | Found a stormy altar of Qazlal.
  4583 | D:5      | Found an ornate altar of the Wu Jian Council.
  4584 | D:5      | Found a hide-covered altar of Uskayaw.
  4668 | D:5      | Found a basalt altar of Yredelemnul.
  4678 | D:5      | Became a worshipper of Yredelemnul the Dark
  4743 | D:5      | Found a white marble altar of Elyvilon.
  4945 | D:6      | Found a bloodstained altar of Trog.
  5191 | D:6      | Noticed tensugalgo's ghost (novice NaWn)
  5283 | D:6      | Killed tensugalgo's ghost
  5283 | D:6      | Reached skill level 7 in Axes
  5283 | D:6      | Gained mutation: You passively map the area around you. [Deep Dwarf growth]
  5283 | D:6      | Reached XP level 9. HP: 37/79 MP: 1/1
  5536 | D:7      | Found a sacrificial altar of Ru.
  5659 | D:7      | Reached * piety under Yredelemnul
  5918 | D:7      | Reached skill level 5 in Fighting
  6072 | D:7      | Reached skill level 8 in Axes
  6171 | D:7      | You fall through a shaft for 3 floors!
  6171 | D:10     | Entered Level 10 of the Dungeon
  6330 | D:10     | Noticed a troll
  6347 | D:10     | HP: 2/81 [troll (5)]
  6546 | D:10     | Noticed a two-headed ogre
  6550 | D:10     | Found a runed door.
  6552 | D:10     | Found a runed door.
  6554 | D:10     | Slain by a killer bee

Skill      XL: |  1  2  3  4  5  6  7  8  9 |
---------------+----------------------------+-----
Axes           | 3 4 5 7 8 |  8.7
Fighting       | 3 4 5 |  5.3
Armour         | 4 5 6 7 |  7.8
Shields        | 4 5 6 7 |  7.9
Dodging        | 1 2 3 4 |  4.8
Evocations     | 1 2 |  2.1
Slings         | |  0.7
Throwing       | |  0.1
Stealth        | |  0.7

Action                   |  1- 3 |  4- 6 |  7- 9 || total
-------------------------+-------+-------+-------++-------
Melee: War axe           |   114 |    78 |    75 ||   267
       Hand axe          |       |   132 |   623 ||   755
 Fire: Hunting sling     |       |     2 |       ||     2
Throw: Tomahawk          |       |     4 |       ||     4
 Abil: Heal Wounds       |     1 |     8 |    16 ||    25
       Evoke Berserk Rag |       |     1 |     7 ||     8
  Use: Scroll            |       |       |    12 ||    12
       Potion            |       |       |     7 ||     7
  Eat: Ration            |     1 |     1 |     6 ||     8
       Chunk             |     1 |       |     2 ||     3
Armor: Scale mail        |    40 |    71 |   292 ||   403
       Ring mail         |     8 |       |       ||     8
Dodge: Dodged            |    34 |    49 |   286 ||   369
Block: Shield            |    56 |   122 |   448 ||   626
